 Dungeon Crawl Stone Soup version 0.30-a0-793-g160f7cfddd (webtiles) character file.

Game seed: 3206690460431668652

106 Esekla the Sneak (level 4, 21/31 HPs)
             Began as an Octopode Delver on Feb 20, 2023.
             Quit the game on level 5 of the Dungeon.
             The game lasted 00:06:00 (412 turns).

Esekla the Sneak (Octopode Delver)                   Turns: 412, Time: 00:06:01

Health: 21/31      AC:  1    Str: 11    XL:     4   Next: 84%
Magic:  5/5        EV: 13    Int: 14    God:
Gold:   31         SH:  0    Dex: 13    Spells: 5/5 levels left

rFire   . . .      SeeInvis .    a - +0 falchion
rCold   . . .      Faith    .    (no shield)
rNeg    . . .      Spirit   .    (helmet restricted)
rPois   .          Reflect  .    (no amulet)
rElec   .          Harm     .    (no ring)
rCorr   .          Rampage  .    (no ring)
Will    .....                    (no ring)
Stlth   +++++                    (no ring)
HPRegen 0.25/turn                (no ring)
MPRegen 0.09/turn                (no ring)
                                 (no ring)
                                 (no ring)

@: hasted (expiring), very quick
A: almost no armour, amphibious, 8 rings, camouflage 1, gelatinous body 1,
(nimble swimmer 1), tentacles
a: no special abilities


You were on level 5 of the Dungeon.
You visited 1 branch of the dungeon, and saw 1 of its levels.

You collected 31 gold pieces.

Inventory:

Hand Weapons
 a - a +0 falchion (weapon)
Wands
 f - a wand of digging (3)
Scrolls
 b - a scroll of fog
 g - a scroll of poison {unknown}
 i - a scroll of noise {unknown}
 j - 2 scrolls of identify {unknown}
Potions
 c - a potion of resistance {unknown}
 d - a potion of magic {unknown}
 h - 2 potions of berserk rage {unknown}


   Skills:
 * Level 3.5 Fighting
 * Level 2.6 Long Blades
 * Level 2.4 Dodging
 + Level 7.7 Stealth
 * Level 1.2 Spellcasting


You had 5 spell levels left.
You didn't know any spells.
Your spell library was empty.

Dungeon Overview and Level Annotations

Branches:
Dungeon (5/15)
 Temple: D:4-7

Altars:
Qazlal
Sif Muna

Annotations:
D:5 Edmund


Innate Abilities, Weirdness & Mutations

You cannot wear most types of armour.
You are amphibious.
You can wear up to eight rings at the same time.
Your skin changes colour to match your surroundings (Stealth+).
Your rubbery body absorbs attacks. (AC +1, EV +1)
((You are camouflaged when in or above water. (Stealth+)))
You have tentacles for arms and can constrict up to eight enemies at once.


Message History

You kill the howler monkey!
Found 12 gold pieces.
You open the door.
You now have 31 gold pieces (gained 12).
You open the door.
Edmund the Younger comes into view.
He is wielding a +2 flail of protection.
Edmund shouts!
Something shouts, "Get thee hence, thou canting full-gorged fleecer!"
Found a stone staircase leading down.
A jelly comes into view.
Found a stone staircase leading up.
A shadow imp comes into view.
A phantom comes into view.
The shadow imp gestures at you. Pain shoots through your body!
An iguana comes into view.
Found 5 stones.
Found an escape hatch in the floor.
The phantom hits you.
You feel yourself speed up.
The iguana hisses angrily.
The phantom hits you.
The phantom blinks!
You blink.
Edmund closely misses you.
The jelly quivers.
The shadow imp gestures at you. Pain shoots through your body!
The iguana misses you.
As you read the scroll of fear, it crumbles to dust.
You assume a fearsome visage.
Edmund looks frightened!
The phantom is unaffected.
The shadow imp looks frightened!
The iguana looks frightened!
The jelly looks frightened!
You open the door.
Edmund starts to cry.
There is an open door here.
Found a stormy altar of Qazlal.
The phantom hits you.
Found an amethyst potion.
You see here an amethyst potion.
d - an amethyst potion An ogre comes into view.
It is wielding a +0 giant spiked club.
Your extra speed is starting to run out.
Are you sure you want to abandon this character and quit the game? (Confirm with "yes".)

...#..........+....,,,,,,,,,,,,,,
...#...W......#.O..,,,,*******,**
..................,,,,,,,,,,,*,*
.........W.....#######,,,,,,,*<*
......###......#.....#,****,,***
##.............#.....#,****,,*
.####..........#.....#**,,,,,*
.#####...####..#.....+,,,,**,*
....##.........#@....#.#,***,*
....##.............#.#.#,* *,*
....##.#......####.#.#.#,***<****
...###.#...#..####.#.#.#,,,,,,,,,
...###.#...##......#.#.########**
...#...+...###.##..#.#.#...,..#**
####.#.#...###.##..#.#.#.####.#*,
####....###....###...#.....##.#*,
..w.....##.............#.#....#*,


There were no monsters in sight!

Vanquished Creatures
  A howler monkey (D:5)
  2 hounds (D:5)
  An adder (D:5)
  A worm (D:5)
5 creatures vanquished.

Notes
Turn   | Place    | Note
-------+----------+-------------------------------------------
     0 | D:5      | Esekla the Octopode Delver began the quest for the Orb.
     0 | D:5      | Reached XP level 1. HP: 16/16 MP: 1/1
    62 | D:5      | Noticed a hound
    77 | D:5      | Reached XP level 2. HP: 8/21 MP: 2/2
   130 | D:5      | Reached skill level 7 in Stealth
   130 | D:5      | Reached XP level 3. HP: 4/26 MP: 2/4
   237 | D:5      | Reached skill level 1 in Spellcasting
   237 | D:5      | Reached XP level 4. HP: 26/31 MP: 5/5
   282 | D:5      | Found a shimmering blue altar of Sif Muna.
   345 | D:5      | Noticed Edmund
   352 | D:5      | Noticed a phantom
   372 | D:5      | Found a stormy altar of Qazlal.
   402 | D:5      | Noticed an ogre
   412 | D:5      | Quit the game

Illustrated notes

Levels and vault maps discovered:
D:5:      layout_basic, nicolae_qazlal_eye_of_the_storm,
          nicolae_overflow_crystal_walls, hangedman_decor_riveting, uniq_edmund

Skill      XL: |  1  2  3 |
---------------+----------+-----
Stealth        | 7 |  7.7
Spellcasting   | 1 |  1.2
Fighting       | |  3.5
Long Blades    | |  2.6
Dodging        | |  2.4

Action                     |  1- 3 |  4- 6 || total
---------------------------+-------+-------++-------
  Melee: Falchion          |    15 |     4 ||    19
         Tentacles         |     5 |     1 ||     6
         Constrict         |     3 |     1 ||     4
    Use: Scroll            |     1 |     1 ||     2
         Potion            |       |     1 ||     1
   Stab: Sleeping          |     1 |       ||     1
 Armour: Skin              |     1 |       ||     1
  Dodge: Dodged            |    13 |     3 ||    16

Table legend: (Time is in decaauts)
 A = Elapsed time spent in this place.
 B = Non-inter-level travel time spent in this place.
 C = Inter-level travel time spent in this place.
 D = Time resting spent in this place.
 E = Time spent auto-exploring this place.
 F = Levels seen in this place.
 G = Mean time per level.
                   A        B        C        D        E       F      G
               +--------+--------+--------+--------+--------+-----+--------+
         Total |    398 |    398 |      0 |     96 |      0 |   1 |  398.0 |
       Dungeon |    398 |    398 |      0 |     96 |      0 |   1 |  398.0 |
               +--------+--------+--------+--------+--------+-----+--------+

Top non-repeatable levels by time:
     D:5: 398 daAuts
